Map: Tourmaline LE

Players

Dmento

  • Race: Terran Terran
  • League: Silver
  • Spawn Location: 7:00

SammyJankis - Winner!

  • Race: Terran Terran
  • League: Silver
  • Spawn Location: 1:00

VOD

Have the link to the VOD?

Description

Time

  • Played on: April 13, 2026, 11:17 p.m.
  • Length: 12:41
Show
View Real Time Build Order
Export as new Build Order

Dmento Terran 

Build Orders:  

Get SALT Encoding   

  12  0:22  Supply Depot  
  12  0:30  Refinery  
  12  0:32  SCV  
  13  0:56  Barracks  
  13  0:59  Barracks  
  13  1:04  Supply Depot  
  13  1:11  SCV  
  14  1:24  SCV  
  15  1:36  SCV  
  16  1:47  Marine x2  
  16  1:48  SCV  
  19  2:00  Orbital Command  
  19  2:08  Marine x2  
  20  2:14  Refinery  
  21  2:29  Barracks Tech Lab  
  21  2:30  Barracks Reactor  
  21  2:36  Supply Depot  
  21  2:41  Supply Depot  
  21  2:45  SCV  
  22  2:56  Engineering Bay  
  22  2:57  SCV  
  23  3:03  Concussive Shells  
  23  3:08  Marine x2, Marauder  
  27  3:13  SCV  
  28  3:27  Factory  
  28  3:46  Marauder, Marine x2  
  32  4:01  Terran Infantry Weapons Level 1  
  32  4:13  Command Center  
  32  4:15  Marine, Marauder  
  35  4:27  SCV  
  36  4:32  Factory Tech Lab  
  36  4:39  SCV  
  36  4:41  Starport  
  37  4:51  SCV  
  38  5:00  Missile Turret  
  38  5:03  SCV  
  39  5:10  Armory  
  39  5:15  SCV  
  40  5:24  Siege Tank  
  43  5:37  Orbital Command  
  43  5:39  Starport Reactor  
  43  5:51  Missile Turret  
  43  5:59  Armory  
  43  6:03  Terran Vehicle Weapons Level 1  
  43  6:08  SCV x2  
  45  6:20  Missile Turret  
  45  6:31  SCV x2  
  47  6:34  Liberator  
  47  6:39  Marine x2  
  51  6:40  Marine  
  51  6:46  Missile Turret  
  53  6:49  Hi-Sec Auto Tracking  
  53  6:54  Missile Turret  
  53  6:59  Terran Vehicle And Ship Armor Level 1  
  53  7:02  SCV  
  53  7:03  SCV  
  53  7:08  Smart Servos  
  55  7:15  Viking  
  57  7:33  Missile Turret  
  57  7:40  Command Center  
  57  7:53  Starport  
  57  7:55  Starport  
  57  8:05  Starport  
  57  8:06  Starport  
  57  8:19  SCV x2  
  59  8:31  Thor, SCV x2  
  67  8:40  Viking  
  69  8:43  SCV x2  
  71  8:55  SCV  
  71  8:56  SCV  
  73  9:05  Starport Reactor x2  
  73  9:07  SCV  
  73  9:08  SCV  
  75  9:13  Refinery  
  75  9:16  Refinery  
  75  9:19  Missile Turret  
  75  9:23  SCV x3  
  78  9:57  Supply Depot  
  78  10:02  Supply Depot  
  78  10:03  Supply Depot  
  78  10:04  Supply Depot  
  78  10:09  Viking x2  
  78  10:10  Viking x4  
  90  10:14  Terran Ship Weapons Level 1  
  90  10:19  Terran Vehicle Weapons Level 2  
  90  10:30  Planetary Fortress  
  90  10:37  Supply Depot  
  90  10:38  Supply Depot  
  90  10:42  Supply Depot  
  90  10:44  Viking  
  92  10:57  Refinery  
  92  10:58  Viking  
  94  11:23  Starport x2  
  94  11:25  Starport  
  94  11:31  Viking x3  
  100  11:44  SCV x3  
  103  11:49  Missile Turret  
  103  11:55  Missile Turret  
  103  12:00  Refinery  
  103  12:03  Starport Tech Lab, Starport Reactor x2  
  103  12:07  Viking x2  
  103  12:08  Viking  
Show
View Real Time Build Order
Export as new Build Order

SammyJankis Terran - Winner!

Build Orders:  

Get SALT Encoding   

  12  0:00  SCV  
  13  0:12  SCV  
  14  0:21  Supply Depot  
  14  0:24  SCV  
  15  0:42  SCV  
  16  0:43  Barracks  
  16  0:49  Refinery  
  16  0:54  SCV  
  17  1:03  Barracks  
  17  1:06  SCV  
  18  1:19  SCV  
  19  1:32  Supply Depot  
  19  1:33  Reaper  
  19  1:34  Orbital Command  
  20  1:48  Refinery  
  20  2:07  Barracks Reactor  
  20  2:10  Barracks Tech Lab  
  20  2:16  SCV  
  21  2:27  Command Center  
  21  2:31  Marine  
  21  2:34  SCV  
  23  2:41  Engineering Bay  
  23  2:46  SCV  
  23  2:48  Marine  
  23  2:51  Engineering Bay  
  25  2:53  Marine  
  26  2:58  SCV  
  26  3:01  Marine  
  28  3:13  SCV  
  28  3:16  Terran Infantry Weapons Level 1  
  29  3:24  Marine x2  
  31  3:31  Bunker  
  31  3:34  Combat Shield  
  31  3:39  Marine  
  31  3:40  Orbital Command  
  32  3:42  SCV  
  32  3:46  Terran Infantry Armor Level 1  
  33  3:51  Marine x2  
  33  3:54  SCV  
  36  4:03  Factory  
  36  4:05  SCV  
  36  4:07  Refinery  
  37  4:18  Marine x3  
  37  4:21  SCV x2  
  42  4:33  SCV x2  
  42  4:37  Barracks  
  44  4:45  SCV x2  
  44  4:49  Refinery  
  44  4:51  Factory Tech Lab  
  46  4:59  Supply Depot  
  46  5:01  Stimpack  
  46  5:14  Armory  
  46  5:20  Marine x3  
  49  5:32  SCV x2  
  51  5:38  Marine x2  
  51  5:41  Supply Depot  
  53  5:46  Concussive Shells  
  53  5:48  Factory Reactor  
  53  5:54  Starport  
  53  6:01  Terran Infantry Weapons Level 2  
  53  6:03  Terran Infantry Armor Level 2  
  53  6:12  Marine, Marauder  
  53  6:13  Marine, Marauder  
  59  6:22  Barracks  
  59  6:28  SCV x2  
  61  6:40  SCV  
  61  6:44  Supply Depot  
  62  6:50  Starport Reactor  
  62  7:06  Marine x2, SCV, Marauder x2  
  69  7:11  Supply Depot  
  69  7:15  Supply Depot, Terran Vehicle And Ship Armor Level 1  
  69  7:22  Armory  
  69  7:29  Barracks  
  69  7:32  Marine  
  69  7:33  Marine x2, Barracks, Marauder x2  
  76  7:38  Supply Depot x2  
  76  7:42  SCV x2  
  78  7:46  Medivac x2  
  78  7:50  Marine x2  
  84  7:52  Starport  
  84  7:54  SCV x2  
  86  8:00  Marauder  
  86  8:03  Supply Depot  
  86  8:04  Supply Depot  
  88  8:12  Marauder, Marine x2  
  91  8:13  Marine  
  91  8:16  Medivac x2  
  91  8:18  Barracks Reactor  
  97  8:21  Barracks Tech Lab, Marauder  
  99  8:30  Marine  
  99  8:33  Marauder  
  102  8:34  Missile Turret  
  102  8:35  Missile Turret, Terran Ship Weapons Level 1  
  102  8:42  Marauder  
  104  8:52  Marauder, Factory, Marine x2  
  104  8:53  Marine  
  104  8:55  Marauder  
  111  8:58  Liberator  
  111  9:02  Medivac  
  116  9:04  Marauder  
  118  9:18  Supply Depot  
  118  9:22  Missile Turret  
  118  9:23  Supply Depot  
  118  9:25  Terran Infantry Weapons Level 3  
  118  9:29  Terran Infantry Armor Level 3  
  118  9:40  Marine, Marauder x2  
  118  9:42  Supply Depot  
  118  9:43  Factory Tech Lab  
  123  9:45  Factory Tech Lab  
  123  9:46  Supply Depot  
  123  9:58  Missile Turret  
  123  10:01  Missile Turret  
  123  10:02  Medivac x2  
  127  10:09  Cyclone  
  127  10:13  Cyclone  
  133  10:17  Supply Depot  
  133  10:22  Supply Depot  
  133  10:48  Marauder x2  
  133  10:49  Marauder, Marine x2  
  141  10:58  Liberator  
  141  11:02  Liberator  
  147  11:10  Marauder x3  
  153  11:16  Marine  
  154  11:27  Marine x3  
  154  11:28  Marine  
  154  11:31  Marauder x3  
  164  11:34  Marine  
  164  11:38  Supply Depot  
  165  11:42  Supply Depot  
  165  11:59  Cyclone  
  168  12:03  Medivac x2  
  168  12:04  Medivac x2  
Tags
 
Matchup
TvT
Race
Terran
Spawn Locations
Cross Positions
Add a new tag
Caveats
  • Supply blocks, unpowered buildings, or Contaminate may cause inaccurate times.
  • Supply counts are checked every 10 seconds.